AoeStats
← PVC

Highland

504844801Analyzed
4v4 RM · 25d ago on Sep 6, 2026· 21m 47s· 8 players
Game mode
Random Map
Map size
Large (8 player)
Population
200
Speed
Normal
Resources
Standard
Victory
Conquest
Starting age
Dark Age
Ending age
Imperial Age
RankedLock teamsTeams togetherTeam positionsShared explorationLock speedFull tech treeHidden civsTurbo modeCheats
Victory
Defeat
🇳🇱 Magyars · Netherlands
1339
+15
🇸🇰 Poles · Slovakia
1291
+17
🇸🇰 Britons · Slovakia
1263
+19
🇨🇱 Maya · Chile
1262
+18
🇩🇪 Huns · Germany
1324
-18
🇲🇹 Persians · Malta
1308
-17
🇫🇷 Cumans · France
1299
-17
🇩🇪 Ethiopians · Germany
1298
-17
PVC
4:35 Loom
11:10 Feudal Age
11:45 Town Watch
13:03 Wheelbarrow
12:16 Double-Bit Axe
15:56 Fletching
Sahraoui
5:20 Loom
9:36 Feudal Age
10:23 Double-Bit Axe
10:21 Horse Collar
20:19 Gold Mining
20:58 Bloodlines
23:39 Castle Age
22:15 Wheelbarrow
goupher
11:41 Feudal Age
15:04 Bloodlines
16:29 Scale Barding Armor
16:34 Forging
16:13 Horse Collar
16:51 Loom
proxxi
10:42 Feudal Age
14:42 Castle Age
16:24 Loom
21:10 Scale Barding Armor
bastianbps
0:29 Loom
9:58 Feudal Age
10:37 Double-Bit Axe
14:29 Fletching
19:00 Wheelbarrow
23:06 Castle Age
21:15 Fishing Lines
Ayo
0:27 Loom
11:02 Feudal Age
13:00 Bloodlines
19:31 Castle Age
18:05 Double-Bit Axe
18:27 Horse Collar
Arigo
0:29 Loom
11:20 Feudal Age
17:09 Castle Age
16:24 Horse Collar
16:52 Fletching
17:36 Crossbowman
21:27 Double-Bit Axe
Diminius
10:49 Feudal Age
11:35 Double-Bit Axe
11:36 Horse Collar
12:21 Loom
13:59 Scale Barding Armor
22:26 Castle Age
21:07 Gold Mining
Connection lost

Rejoining the realm…

Still unreachable

The connection could not be restored.

Session expired

The server has moved on; the page needs a fresh start.